cohdb
Replays
Latest Replays
All Replays
Popular Replays
Top Player Replays
Match Explorer
How It Works
Community
CoH3 Stats
Reddit
Sign in to upload your games and track your stats! →
Sign in with Steam
DAK ambush not working? 11:20 mark
Match 27839985
Overview
Messages
Build Orders
End
Royal Engineer Section
Construct Section Command Post
Selects Heavy Armor Battlegroup
Infantry Section
Dingo Light Scout Car
Infantry Section
Infantry Section
Construct Platoon Command Post
Infantry Training
Selects Light Vehicle Withdraw and Refit
Light Vehicle Withdraw and Refit
6-pounder Anti-tank Gun Team
Construct Field Infirmary
Selects Rigorous Vehicle Training
Humber Armored Car
6-pounder Anti-tank Gun Team
Selects Crusader AA Medium Tank
Crusader AA Medium Tank
Light Vehicle Withdraw and Refit
Construct Company Command Post
Foot Guards Section
Crusader II Medium Tank
Matilda II Heavy Tank
Selects Forward Repair Assembly
Matilda II Heavy Tank
Selects Recon Artillery
Recon Artillery
Recon Artillery
σ
Willaguy
0
0
Comments
sign in to comment!
No comments posted yet!